AoeStats
← florian

Pilgrims

507723166Analyzed
2v2 RM · 13d ago on Sep 19, 2026· 67m 57s· 4 players
Game mode
Random Map
Map size
Medium (4 player)
Population
200
Speed
Normal
Resources
Standard
Victory
Conquest
Starting age
Dark Age
Ending age
Imperial Age
RankedLock teamsTeams togetherTeam positionsShared explorationLock speedFull tech treeHidden civsTurbo modeCheats
Victory
Defeat
🇩🇪 Portuguese · Germany
998
+15
🇩🇪 Magyars · Germany
996
+15
🇩🇪 Italians · Germany
985
-15
🇩🇪 Japanese · Germany
977
-15
FeLe
4:18 Loom
12:33 Feudal Age
13:42 Town Watch
14:42 Double-Bit Axe
16:18 Forging
16:48 Wheelbarrow
15:59 Horse Collar
16:41 Fishing Lines
19:14 Fletching
22:19 Castle Age
23:32 Bow Saw
25:18 Bodkin Arrow
25:24 Padded Archer Armor
26:02 Medium Warships
25:46 Gillnets
27:20 Leather Archer Armor
31:56 Ballistics
39:12 Hand Cart
41:44 Imperial Age
40:22 Thumb Ring
44:01 Chemistry
43:06 Onager
45:58 Bracer
48:51 Bloodlines
48:41 Husbandry
48:02 Light Cavalry
53:34 Hussar
54:23 Scale Barding Armor
54:49 Ring Archer Armor
54:55 Iron Casting
56:44 Conscription
56:26 Elite Genoese Crossbowman
57:45 Hoardings
57:55 Masonry
57:28 Treadmill Crane
57:46 Murder Holes
59:54 Chain Barding Armor
60:53 Blast Furnace
61:03 Two-Man Saw
60:06 Heavy Plow
65:06 Caravan
El Pomo
4:52 Loom
12:13 Feudal Age
16:57 Castle Age
16:09 Double-Bit Axe
18:21 Horse Collar
18:57 Bow Saw
21:17 Wheelbarrow
20:29 Town Watch
29:48 Demolition Ship
34:15 Scale Mail Armor
34:26 Forging
34:39 Hand Cart
34:59 Heavy Plow
38:44 Imperial Age
38:56 Elite Samurai
39:59 Conscription
39:57 Chain Mail Armor
40:17 Iron Casting
42:19 Two-Man Saw
42:00 Plate Mail Armor
42:07 Iron Casting
44:01 Onager
45:37 Fortified Wall
46:28 Chemistry
45:49 Ballistics
48:15 Town Patrol
49:24 Blast Furnace
48:30 Scale Barding Armor
florian
9:42 Loom
12:02 Feudal Age
13:14 Double-Bit Axe
14:27 Wheelbarrow
18:04 Castle Age
19:20 Medium Warships
22:20 Hand Cart
21:52 Town Watch
22:30 Gold Mining
23:12 Bow Saw
25:30 Fervor
25:41 Sanctity
27:18 Fishing Lines
29:24 Fletching
31:54 Ballistics
31:31 Murder Holes
34:24 Redemption
36:38 Gillnets
36:54 Bodkin Arrow
37:00 Padded Archer Armor
37:10 Scale Barding Armor
37:16 Forging
37:07 Scale Mail Armor
40:11 Imperial Age
37:42 Town Patrol
38:19 Coinage
38:06 Circumnavigation
38:41 Stone Mining
40:31 Elite Caravel
41:50 Arquebus
42:11 Conscription
42:41 Chain Barding Armor
44:10 Chemistry
43:22 Masonry
43:20 Siphons
42:57 Treadmill Crane
45:44 Two-Man Saw
45:48 Bracer
46:23 Plate Barding Armor
46:24 Iron Casting
45:51 Padded Archer Armor
46:08 Chain Mail Armor
49:36 Leather Archer Armor
50:22 Blast Furnace
52:26 Elite Organ Gun
52:30 Man-at-Arms
52:57 Gambesons
52:50 Elite Skirmisher
53:36 Thumb Ring
54:54 Ring Archer Armor
54:55 Plate Mail Armor
53:49 Long Swordsman
55:11 Architecture
54:47 Siege Engineers
55:04 Bombard Tower
55:23 Two-Handed Swordsman
56:04 Champion
62:55 Fortified Wall
hanna
11:24 Loom
13:09 Feudal Age
15:45 Bloodlines
18:10 Castle Age
16:47 Double-Bit Axe
19:42 Scale Barding Armor
26:38 Bow Saw
29:46 Wheelbarrow
28:57 Town Watch
30:48 Husbandry
30:57 Horse Collar
36:29 Heavy Plow
41:00 Imperial Age
38:46 Hand Cart
38:32 Town Patrol
42:43 Cavalier
43:45 Chain Barding Armor
43:16 Fletching
45:24 Hoardings
46:22 Conscription
46:04 Gold Mining
49:03 Plate Barding Armor
48:25 Bodkin Arrow
51:00 Bracer
51:01 Padded Archer Armor
51:50 Crop Rotation
52:23 Two-Man Saw
52:47 Heavy Cavalry Archer
53:52 Parthian Tactics
53:33 Thumb Ring
53:31 Recurve Bow
54:16 Paladin
58:32 Corvinian Army
58:34 Elite Magyar Huszar
59:17 Light Cavalry
60:36 Hussar
Connection lost

Rejoining the realm…

Still unreachable

The connection could not be restored.

Session expired

The server has moved on; the page needs a fresh start.